 Dungeon Crawl Stone Soup version 0.18-a0-845-gc59c8fa (webtiles) character file.

34 Proton the Insei (level 3, 20/20 HPs)
             Began as a Vine Stalker Monk on Dec 20, 2015.
             Was a Believer of Fedhas.
             Quit the game on level 2 of the Dungeon.
             The game lasted 00:03:40 (759 turns).

Proton the Insei (Vine Stalker Monk)                 Turns: 759, Time: 00:03:40

Health: 20/20      AC:  2    Str: 14    XL:     3   Next: 31%
Magic:  4/4        EV: 13    Int: 10    God:    Fedhas [**....]
Gold:   84         SH:  0    Dex: 16    Spells: 0 memorised, 2 levels left

rFire  x . .     SeeInvis .       - Unarmed
rCold  + . .     Gourm    .     a - +0 robe
rNeg   . . .     Faith    .     (no shield)
rPois  .         Spirit   +     (no helmet)
rElec  .         Dismiss  .     (no cloak)
rCorr  .         Reflect  .     (no gloves)
SustAt .         Harm     .     (no boots)
MR     .....                    (no amulet)
Stlth  ++........               (no ring)
                                k - ring of ice

@: not resistant to hostile enchantments, unstealthy
A: fangs 2, regeneration 1, magic shield, antimagic bite, no device heal 3, rot
immunity
a: Evolution, Sunlight, Renounce Religion


You were on level 2 of the Dungeon.
You worshipped Fedhas.
Fedhas was pleased with you.
You were not hungry.

You visited 1 branch of the dungeon, and saw 2 of its levels.

You collected 84 gold pieces.

Inventory:

Armour
 a - a +0 robe (worn)
Jewellery
 k - a ring of ice (left hand)
Scrolls
 c - 2 scrolls of magic mapping {unknown}
 e - a scroll of amnesia (quivered) {unknown}
 g - 2 scrolls of identify {unknown}
 h - a scroll of enchant armour {unknown}
Potions
 d - a potion of haste {unknown}
 f - a potion of magic {unknown}
 i - a potion of curing {unknown}
Comestibles
 b - a bread ration
 j - a beef jerky


   Skills:
 + Level 3.0 Fighting
 + Level 0.8 Armour
 + Level 2.6 Dodging
 - Level 2.4 Stealth
 * Level 4.4 Unarmed Combat


You had 2 spell levels left.
You didn't know any spells.

Dungeon Overview and Level Annotations

Branches:
Dungeon (2/15)

Altars:
Fedhas


Innate Abilities, Weirdness & Mutations

You have extremely sharp teeth.
Your natural rate of healing is unusually fast.
When hurt, damage is shared between your health and your magic reserves.
Your bite disrupts and absorbs the magic of your enemies.
Potions and wands cannot restore your health.
You are immune to rotting.


Message History

The goblin unwields an uncursed dagger.
The goblin wields a hunting sling.
The goblin shoots a stone.
The stone completely misses you.
A bat comes into view.
There is a faded altar to an unknown god here.
You see here a stone.
This altar will convert you to a god.
You cannot discern which.
Do you pray?
Okay, then.
This altar will convert you to a god.
You cannot discern which.
Do you pray? Fedhas accepts your prayer! Fedhas welcomes you!
You can now induce evolution.
You can now call sunshine.
The plants of the dungeon cease their hostilities.
You can now pray to speed up the decay of corpses.
Quiver which item? (- for none, * to show all) (? for menu, Esc to quit)
You don't have any such object.
Quiver which item? (- for none, * to show all) (? for menu, Esc to quit)
Quivering
e - a scroll labeled BUWASHOATEG for throwing.
The bat completely misses you.
The bat moves out of view.
Unknown command.
Are you sure you want to abandon this character and quit the game? (Confirm with "yes".)

........#.#.# ...
..........#.# ###
#########...#..
............##.##
...########'##..#
##........#
#.........##
#..#.........
#.#@#........
#..#b....#...
....g ..##.#...
....... ..# .# ..
..........# ..
....... ..# .
#####.. ..# ...
..#


You could see a goblin and a bat.

Vanquished Creatures
  2 giant geckos (D:1)
  8 goblins (D:1)
  3 hobgoblins (D:1)
  4 jackals (D:1)
  7 bats
  3 kobolds (D:1)
  3 rats
30 creatures vanquished.

Notes
Turn   | Place    | Note
--------------------------------------------------------------
     0 | D:1      | Proton the Vine Stalker Monk began the quest for the Orb.
     0 | D:1      | Reached XP level 1. HP: 11/11 MP: 2/2
    95 | D:1      | Reached XP level 2. HP: 2/16 MP: 1/3
   401 | D:1      | Reached XP level 3. HP: 11/19 MP: 1/4
   752 | D:2      | Found a faded altar to an unknown god.
   758 | D:2      | Became a worshipper of Fedhas Madash
   758 | D:2      | Reached * piety under Fedhas
   758 | D:2      | Reached ** piety under Fedhas
   759 | D:2      | Quit the game

Vault maps used:
D:1:      enne_arrival_octagon_isle, minmay_misc_feat_more_columns, hex_large,
          kennysheep_nondescript
D:2:      ecumenical_altar_1

Action                   || total
-------------------------++-------
Melee: Unarmed           ||    90
 Stab: Sleeping          ||     7
